 Dungeon Crawl Stone Soup version 0.19-a0-1907-gcff654f (webtiles) character file.

141 JeffiDaFish the Chopper (level 5, -5/50 HPs)
             Began as a Hill Orc Fighter on Oct 22, 2016.
             Slain by Menkaure (16 damage)
             ... on level 4 of the Dungeon.
             The game lasted 00:06:12 (2292 turns).

JeffiDaFish the Chopper (Hill Orc Fighter)          Turns: 2292, Time: 00:06:13

Health: -5/50      AC:  7    Str: 20    XL:     5   Next: 24%
Magic:  5/5        EV:  7    Int:  6    God:
Gold:   174        SH:  9    Dex: 10    Spells: 0 memorised, 4 levels left

rFire  . . .     SeeInvis .     a - +2 war axe
rCold  . . .     Gourm    .     b - +0 scale mail
rNeg   . . .     Faith    .     c - +0 shield
rPois  .         Spirit   .     (no helmet)
rElec  .         Reflect  .     (no cloak)
rCorr  .         Harm     .     (no gloves)
MR     .....                    (no boots)
Stlth  ..........               e - amulet of regeneration
                                (no ring)
                                (no ring)

@: no status effects
A: dopey 1, robust 1
a: no special abilities


You were on level 4 of the Dungeon.
You were not hungry.

You visited 1 branch of the dungeon, and saw 4 of its levels.

You collected 174 gold pieces.

Inventory:

Hand Weapons
 a - a +2 war axe (weapon)
Armour
 b - a +0 scale mail (worn)
 c - a +0 shield (worn)
Jewellery
 e - an amulet of regeneration (around neck)
 i - an uncursed ring of wizardry
Scrolls
 k - 2 scrolls of remove curse
 o - 2 scrolls of identify
Potions
 d - 3 potions of might
 g - a potion of flight
 j - a potion of mutation
Comestibles
 f - 2 bread rations
 h - a beef jerky
 l - a slice of pizza
 m - a meat ration


   Skills:
 + Level 4.2 Fighting
 + Level 4.5 Axes
 + Level 4.1 Armour
 + Level 0.2 Dodging
 + Level 0.3 Stealth
 + Level 4.2 Shields


You had 4 spell levels left.
You didn't know any spells.

Dungeon Overview and Level Annotations

Branches:
Dungeon (4/15)
 Temple: D:4-7

Altars:
Hepliaklqana
Sif Muna

Annotations:
D:4 Menkaure


Innate Abilities, Weirdness & Mutations

You are dopey. (Int -2)
You are robust. (+10% HP)


Message History

Menkaure calls on the powers of darkness!
Your body is wracked with pain!
You hit Menkaure.
Menkaure is moderately damaged.
Menkaure mumbles some strange words.
Menkaure seems to speed up.
Your shield prevents you from hitting Menkaure.
Menkaure is moderately damaged.
You block Menkaure's attack. Menkaure hits you!!
* * * LOW HITPOINT WARNING * * *
You are too injured to fight recklessly!
You are too injured to fight recklessly!
You are too injured to fight recklessly!
You hit Menkaure.
Menkaure is moderately damaged.
You block Menkaure's attack. x2
You slash Menkaure!
Menkaure is severely damaged.
Menkaure hits you!
You die...

#$####.#.#.. #........#..
##########+ #.....!....
............#........####
#...........#............
##.............. ........#
.+...........#.###.#....$.
##.............[@M....#
.#...........#.###.#..##.#
..........................
..........................
.#..###................#..
.#..#######.#....##......?
.#.....####.#..........#.#
.#.#..(.....#...<.#?.### #
.#+#.#.####.##..........


You could see Menkaure.

Vanquished Creatures
  An orc wizard (D:3)
  An adder (D:4)
  An ooze (D:1)
  3 worms (D:2)
  4 dart slugs
  13 orcs (D:3)
  2 giant cockroaches (D:3)
  7 goblins
  3 hobgoblins
  6 jackals
  3 quokkas
  6 bats
  4 frilled lizards
  10 kobolds
  5 rats
69 creatures vanquished.

Notes
Turn   | Place    | Note
-------+----------+-------------------------------------------
     0 | D:1      | JeffiDaFish the Hill Orc Fighter began the quest for the Orb.
     0 | D:1      | Reached XP level 1. HP: 19/19 MP: 1/1
    96 | D:1      | Reached XP level 2. HP: 26/27 MP: 2/2
   361 | D:1      | Reached XP level 3. HP: 30/33 MP: 3/3
   674 | D:2      | Found a hazy altar of Hepliaklqana.
  1070 | D:2      | Reached XP level 4. HP: 40/40 MP: 4/4
  1532 | D:3      | Found a deep blue altar of Sif Muna.
  1707 | D:3      | Reached XP level 5. HP: 46/46 MP: 5/5
  2271 | D:4      | Gained mutation: You are dopey. (Int -2) [potion of mutation]
  2271 | D:4      | Gained mutation: You are robust. (+10% HP) [potion of mutation]
  2280 | D:4      | Noticed Menkaure
  2292 | D:4      | Slain by Menkaure

Vault maps used:
D:1:      tarquinn_simple_flora_water_d, amethyst_killhole, due_unseen_surprise
D:2:      lemuel_upstairs_altar, lemuel_doored_altar
D:3:      led_sif_book
D:4:      old_standard_altar, nemelex_altar_shiori, serial_bayou_pond_d,
          uniq_menkaure

Skill      XL: |  1  2  3  4  5 |
---------------+----------------+-----
Fighting       | 4 |  4.2
Axes           | 3 4 |  4.5
Shields        | 4 |  4.2
Armour         | 4 |  4.1
Dodging        | |  0.2
Stealth        | |  0.3

Action                   |  1- 3 |  4- 6 || total
-------------------------+-------+-------++-------
Melee: War axe           |   148 |    72 ||   220
  Use: Scroll            |     9 |     2 ||    11
       Potion            |     3 |     2 ||     5
  Eat: Chunk             |     1 |     2 ||     3
       Meat ration       |       |     1 ||     1
Armor: Scale mail        |    95 |    27 ||   122
Dodge: Dodged            |    49 |    19 ||    68
Block: Shield            |    90 |    52 ||   142
